 Dungeon Crawl Stone Soup version 0.29.1-15-g9cfb28693d (webtiles) character file.

Game seed: 5889411567281799760

228 Ast3rio the Chopper (level 5, 0/48 HPs)
             Began as a Minotaur Berserker on Feb 27, 2023.
             Was a Follower of Trog.
             Slain by Natasha (9 damage)
             ... on level 2 of the Dungeon.
             The game lasted 00:04:36 (1007 turns).

Ast3rio the Chopper (Minotaur Berserker)            Turns: 1007, Time: 00:04:37

Health: 0/48       AC:  0    Str: 24    XL:     5   Next: 71%
Magic:  4/4        EV: 19    Int:  4    God:    Trog [*.....]
Gold:   71         SH:  0    Dex: 14    Spells: 4/4 levels left

rFire   . . .      SeeInvis .   (weapon currently unavailable)
rCold   . . .      Faith    .   (shield currently unavailable)
rNeg    . . .      Spirit   .   (body armour currently unavailable)
rPois   .          Reflect  .   (helmet currently unavailable)
rElec   .          Harm     .   (cloak currently unavailable)
rCorr   .          Rampage  .   (gloves currently unavailable)
Will    ++...                   (boots currently unavailable)
Stlth   +.........              m - amulet of magic regeneration
HPRegen 1.16/turn               (ring currently unavailable)
MPRegen 0.49/turn               (ring currently unavailable)

@: bat-form (expiring), strong-willed, on berserk cooldown, flying,
regenerating, slowed, quick
A: fast, flying, no casting, tiny, (horns 2), (retaliatory headbutt)
a: Renounce Religion, Berserk


You were on level 2 of the Dungeon.
You worshipped Trog.
Trog was aware of your devotion.
You were a bat.
You visited 1 branch of the dungeon, and saw 2 of its levels.

You collected 71 gold pieces.

Inventory:

Hand Weapons
 a - a +0 hand axe (melded)
Armour
 b - a +0 animal skin
 e - a +0 scale mail (melded)
 f - a scarf of harm (melded)
 o - an orb of guile (melded)
Jewellery
 d - a ring of wizardry
 g - a ring of protection from fire (melded)
 h - a ring of poison resistance (melded)
 m - an amulet of magic regeneration (around neck)
 n - a ring of poison resistance
 q - a ring of positive energy
Scrolls
 i - 6 scrolls of identify {unknown}
 l - a scroll of brand weapon {unknown}
 p - 2 scrolls of immolation {unknown}
Potions
 c - 2 potions of curing {unknown}
 j - 2 potions of lignification {unknown}
 k - a potion of might {unknown}


   Skills:
 + Level 5.2 Fighting
 + Level 5.7 Axes
 + Level 3.6 Armour
 + Level 3.0 Dodging


You had 4 spell levels left.
You didn't know any spells.
Your spell library was empty.

Dungeon Overview and Level Annotations

Branches:
Dungeon (2/15)

Altars:

Shops:
D:1 =

Annotations:
D:2 Natasha


Innate Abilities, Weirdness & Mutations

You are a bat.
You are tiny and dextrous.
You move quickly.
You are flying.
Your equipment is almost entirely melded.
You are incapable of wielding weapons or throwing items.
You cannot cast spells.
((You have a pair of horns on your head.))
((You reflexively headbutt those who attack you in melee.))


Message History

The magic dart hits you!
* * * LOW HITPOINT WARNING * * *
You hit Natasha but do no damage.
Natasha is lightly wounded.
Natasha misses you.
You barely miss Natasha.
Natasha is lightly wounded.
Natasha closely misses you. Natasha completely misses you.
The crimson imp barely misses you.
You hit Natasha.
Natasha is moderately wounded.
Natasha closely misses you. The crimson imp hits you.
* * * LOW HITPOINT WARNING * * *
You can't wield anything in your present form.
You're still recovering from your berserk rage.
Natasha closely misses you.
You hit the crimson imp.
The crimson imp is lightly wounded.
Natasha completely misses you. The crimson imp hits you.
* * * LOW HITPOINT WARNING * * *
You hit the crimson imp but do no damage.
The crimson imp disappears in a puff of smoke!
Natasha misses you. Natasha completely misses you.
Your skin crawls.
You feel strong-willed.
You can no longer call upon Trog for regeneration and willpower.
Natasha completely misses you. Natasha misses you.
You hit Natasha.
Natasha is moderately wounded.
Natasha closely misses you.
You hit Natasha.
Natasha is heavily wounded.
Your transformation is almost over.
Natasha misses you.
Natasha mumbles some strange words.
You hit Natasha.
Natasha is heavily wounded.
Natasha claws you!
You die...

## ...# #. ... ####### #.
# ##.. . ......# #. #.
#.. ##.###...# #. #..
#.##.....##..###. #...
##.#..# #..#...##.
.#....##§...#(#.#.....#..
......5.b.#..#.#..#)>..†.
.....###h§##.....##..##..
... ##..###.###....... .
##..........#####
####..)#...# # #.#.#..##
#.#...## ..#...#
#......>.#


You could see Natasha and a white imp (summoned).

Vanquished Creatures
  Sigmund (D:2)
  Natasha (twice) (D:2)
  3 ball pythons
  2 endoplasms (D:1)
  2 giant cockroaches (D:1)
  A goblin (D:1)
  2 hobgoblins
  5 kobolds
  4 bats
  A frilled lizard (D:1)
  3 rats
26 creatures vanquished.

Notes
Turn   | Place    | Note
-------+----------+-------------------------------------------
     0 | D:1      | Ast3rio the Minotaur Berserker began the quest for the Orb.
     0 | D:1      | Reached XP level 1. HP: 19/19 MP: 0/0
   242 | D:1      | Reached XP level 2. HP: 27/27 MP: 1/1
   393 | D:1      | Found Xoak's Jewellery Emporium.
   432 | D:1      | Found a faded altar of an unknown god.
   629 | D:2      | Noticed Sigmund
   637 | D:2      | Killed Sigmund
   638 | D:2      | Reached skill level 5 in Fighting
   638 | D:2      | Reached skill level 5 in Axes
   638 | D:2      | Reached XP level 3. HP: 34/36 MP: 2/2
   638 | D:2      | Reached XP level 4. HP: 40/42 MP: 3/3
   638 | D:2      | Reached XP level 5. HP: 46/48 MP: 4/4
   649 | D:2      | Noticed Natasha
   660 | D:2      | Killed Natasha
   873 | D:2      | Noticed Natasha
   882 | D:2      | Killed Natasha
   970 | D:2      | Reached ** piety under Trog
   977 | D:2      | Noticed Natasha
  1001 | D:2      | HP: 1/48 [crimson imp[Natasha] (2)]
  1007 | D:2      | Slain by Natasha

Illustrated notes

Levels and vault maps discovered:
D:1:      dpeg_arrival_rooms_a, layout_basic, serial_shops, shop,
          basic_ecumenical_altar, nrook_uturn
D:2:      layout_basic, minmay_box_of_dots, uniq_sigmund, uniq_natasha

Skill      XL: |  1  2  3  4  5 |
---------------+----------------+-----
Fighting       | 5 |  5.2
Axes           | 5 |  5.7
Armour         | 3 |  3.6
Dodging        | 3 |  3.0

Action                   |  1- 3 |  4- 6 || total
-------------------------+-------+-------++-------
Melee: Hand axe          |    34 |    27 ||    61
       Headbutt          |     1 |     4 ||     5
       Unarmed           |       |    15 ||    15
Invok: Berserk           |     1 |     1 ||     2
       Trog's Hand       |       |     1 ||     1
Armor: Scale mail        |    10 |    19 ||    29
       Animal skin       |     1 |       ||     1
Dodge: Dodged            |    25 |    43 ||    68
